Map: Jagannatha LE

Players

GogojOey - Winner!

  • Race: Zerg Zerg

ButAlways

  • Race: Protoss Protoss

Event: DreamHack SC2 Masters 2021 Fall

VOD

Have the link to the VOD?

Description

Time

  • Played on: July 28, 2021, 11:24 a.m.
  • Length: 12:58

All games in this series

Show
View Real Time Build Order
Export as new Build Order

GogojOey Zerg - Winner!

Build Orders: Hatch First 

Get SALT Encoding   

  12  0:00  Drone  
  13  0:12  Overlord  
  13  0:17  Drone  
  14  0:31  Drone x2  
  16  0:41  Drone  
  17  0:45  Drone  
  18  0:57  Hatchery  
  18  0:59  Extractor  
  18  1:00  Drone  
  17  1:14  Spawning Pool  
  17  1:17  Drone  
  17  1:20  Drone  
  18  1:29  Drone  
  19  1:39  Drone  
  20  1:49  Drone  
  21  2:01  Zergling x2  
  21  2:04  Metabolic Boost  
  21  2:08  Queen x2  
  22  2:09  Zergling x2  
  22  2:13  Overlord  
  27  2:20  Drone  
  28  2:32  Drone  
  28  2:33  Drone  
  28  2:34  Drone  
  31  2:41  Hatchery  
  30  2:44  Drone  
  30  2:50  Queen  
  33  2:57  Overlord  
  33  3:00  Zergling x2  
  33  3:04  Zergling x2  
  35  3:06  Drone  
  35  3:16  Drone x5  
  40  3:22  Drone  
  40  3:24  Spore Crawler, Drone  
  41  3:27  Overlord  
  41  3:31  Drone  
  41  3:32  Drone  
  43  3:37  Overlord  
  43  3:44  Overlord  
  43  3:46  Drone  
  43  3:47  Drone  
  45  3:51  Overlord  
  45  3:53  Drone x2  
  45  3:54  Drone  
  48  4:03  Drone x3  
  48  4:06  Spore Crawler  
  48  4:09  Lair  
  50  4:10  Overlord  
  50  4:11  Drone  
  50  4:13  Drone  
  50  4:14  Drone  
  53  4:19  Spore Crawler, Drone  
  53  4:20  Drone  
  55  4:24  Drone x3  
  55  4:32  Drone  
  55  4:34  Drone x3  
  55  4:37  Drone x2  
  61  4:39  Queen  
  63  4:45  Overlord  
  63  4:46  Drone  
  63  4:47  Drone x3  
  67  4:55  Drone x2  
  67  4:56  Evolution Chamber  
  67  4:57  Drone x2  
  67  4:58  Roach Warren  
  67  4:59  Queen  
  71  5:01  Overlord  
  71  5:02  Drone  
  71  5:06  Drone x2  
  74  5:10  Extractor x2  
  74  5:11  Queen, Extractor  
  74  5:12  Extractor  
  72  5:15  Overseer  
  72  5:17  Drone  
  72  5:20  Extractor  
  70  5:23  Drone x8  
  70  5:28  Drone x2  
  78  5:31  Queen  
  78  5:35  Spore Crawler  
  79  5:39  Overlord  
  79  5:41  Drone x4  
  79  5:42  Drone  
  85  5:44  Drone x3  
  85  5:46  Zerg Missile Weapons Level 1  
  88  5:50  Queen, Drone x2  
  88  5:54  Overlord  
  92  5:59  Spire  
  92  6:02  Overlord  
  91  6:05  Overlord  
  91  6:06  Overlord  
  91  6:08  Queen  
  92  6:18  Zergling x2  
  93  6:19  Overlord  
  93  6:24  Spore Crawler, Hatchery  
  92  6:25  Drone  
  92  6:26  Spore Crawler, Drone  
  92  6:27  Spore Crawler  
  91  6:52  Spawning Pool  
  90  7:00  Overlord  
  87  7:11  Mutalisk x11  
  87  7:12  Zerg Flyer Weapons Level 1  
  109  7:19  Overlord  
  109  7:20  Drone x11  
  120  7:28  Extractor  
  120  7:30  Drone  
  120  7:31  Extractor  
  120  7:33  Mutalisk x3  
  125  7:39  Extractor  
  125  7:44  Extractor  
  123  7:45  Drone x3  
  123  7:47  Queen  
  128  7:53  Drone x2, Mutalisk x3  
  128  7:54  Spore Crawler x2  
  134  7:58  Drone x3  
  134  7:59  Drone x2  
  139  8:10  Mutalisk x2  
  139  8:12  Queen x2  
  143  8:13  Queen  
  143  8:15  Zerg Missile Weapons Level 2  
  143  8:16  Hatchery  
  143  8:17  Drone x4  
  143  8:18  Spore Crawler  
  151  8:20  Overlord  
  151  8:21  Drone x2  
  151  8:23  Queen  
  155  8:29  Mutalisk x2  
  159  8:38  Overlord  
  159  8:39  Roach  
  159  8:40  Roach x3  
  165  8:47  Roach  
  165  8:48  Queen, Overlord x2  
  163  8:49  Glial Reconstitution  
  163  8:54  Overlord  
  165  8:56  Roach x3  
  165  9:00  Roach  
  165  9:01  Roach x3  
  165  9:13  Drone x2  
  165  9:14  Drone x12  
  179  9:22  Roach x2  
  179  9:23  Queen x2  
  187  9:24  Roach  
  187  9:26  Ravager  
  187  9:27  Ravager x3  
  187  9:30  Roach  
  187  9:31  Roach x2  
  199  9:44  Hatchery  
  187  9:47  Roach x6  
  191  10:03  Roach x5  
  199  10:10  Overlord  
  199  10:12  Ravager  
  200  10:21  Spore Crawler  
  193  10:32  Roach x4  
  200  10:42  Ravager  
  200  10:46  Zerg Ground Armor Level 1  
  200  10:55  Ravager x4  
  200  10:56  Ravager  
  197  10:59  Queen  
  173  11:23  Roach x17  
  184  11:28  Queen, Roach x9  
  184  11:29  Queen  
  198  11:34  Queen  
  198  11:35  Queen  
  198  11:52  Queen  
  200  12:00  Infestation Pit  
  191  12:02  Queen  
  191  12:08  Ravager x4  
  190  12:09  Ravager, Roach  
  190  12:10  Roach x3  
  200  12:17  Overseer  
  200  12:20  Overseer  
Show
View Real Time Build Order
Export as new Build Order

ButAlways Protoss 

Build Orders: 1 Gate Expand, Zealot Archon 

Get SALT Encoding   

  12  0:00  Probe  
  13  0:12  Probe  
  14  0:20  Pylon  
  14  0:24  Probe  
  15  0:38  Gateway  
  15  0:39  Probe (Chrono Boost)  
  16  0:48  Assimilator, Probe (Chrono Boost)  
  17  0:53  Probe (Chrono Boost)  
  18  1:05  Probe  
  19  1:17  Probe  
  20  1:26  Nexus  
  20  1:36  Cybernetics Core  
  20  1:39  Probe  
  21  1:45  Assimilator  
  21  1:51  Probe  
  21  1:54  Pylon  
  22  2:03  Probe (Chrono Boost)  
  23  2:10  Adept (Chrono Boost)  
  23  2:15  Probe (Chrono Boost)  
  26  2:18  Stargate  
  26  2:20  Probe (Chrono Boost)  
  27  2:27  Warp Gate  
  28  2:30  Probe (Chrono Boost)  
  28  2:34  Adept  
  30  2:38  Probe (Chrono Boost)  
  32  2:48  Probe x2 (Chrono Boost)  
  33  2:53  Probe (Chrono Boost)  
  33  2:56  Void Ray (Chrono Boost), Probe  
  35  3:05  Probe  
  40  3:08  Probe  
  41  3:17  Probe  
  42  3:20  Probe  
  42  3:24  Pylon  
  42  3:25  Gateway  
  43  3:29  Probe  
  43  3:32  Probe  
  43  3:33  Void Ray (Chrono Boost)  
  46  3:41  Probe  
  50  3:53  Pylon  
  50  3:55  Nexus  
  50  3:57  Probe  
  50  3:58  Probe  
  52  4:05  Assimilator x2  
  52  4:09  Probe  
  53  4:10  Probe  
  53  4:11  Pylon  
  54  4:18  Stargate  
  54  4:22  Probe  
  54  4:23  Stargate  
  56  4:24  Probe  
  56  4:35  Probe  
  56  4:36  Adept, Probe  
  60  4:39  Void Ray (Chrono Boost)  
  60  4:47  Probe  
  60  4:48  Probe  
  60  4:50  Shield Battery  
  60  4:51  Pylon  
  66  4:59  Pylon  
  67  5:00  Probe  
  67  5:02  Void Ray (Chrono Boost), Probe  
  68  5:08  Probe  
  68  5:09  Void Ray (Chrono Boost)  
  74  5:14  Probe (Chrono Boost)  
  74  5:17  Probe (Chrono Boost)  
  74  5:20  Probe (Chrono Boost)  
  80  5:22  Assimilator  
  83  5:30  Probe x2 (Chrono Boost)  
  83  5:31  Probe (Chrono Boost)  
  83  5:33  Void Ray (Chrono Boost)  
  83  5:34  Probe (Chrono Boost)  
  85  5:36  Probe  
  85  5:39  Probe  
  85  5:40  Assimilator  
  86  5:44  Pylon  
  86  5:46  Void Ray (Chrono Boost), Probe  
  86  5:49  Probe  
  88  5:50  Forge  
  88  5:51  Void Ray (Chrono Boost), Probe  
  93  5:58  Probe  
  98  6:10  Void Ray  
  102  6:13  Probe x2  
  102  6:14  Twilight Council, Protoss Air Weapons Level 1  
  104  6:21  Pylon  
  104  6:23  Zealot  
  106  6:27  Pylon  
  106  6:30  Pylon  
  106  6:32  Pylon  
  114  6:49  Charge (Chrono Boost)  
  114  6:51  Nexus  
  114  6:53  Protoss Ground Weapons Level 1 (Chrono Boost)  
  106  6:54  Gateway  
  106  6:55  Gateway  
  106  6:56  Zealot x2  
  106  6:59  Gateway x2  
  109  7:02  Templar Archives  
  109  7:07  Gateway  
  107  7:09  Gateway  
  107  7:13  Robotics Facility  
  107  7:18  Probe x2  
  107  7:19  Probe  
  110  7:35  Sentry  
  112  7:42  High Templar  
  112  7:43  Photon Cannon  
  114  7:44  Photon Cannon  
  114  7:47  Photon Cannon x2  
  114  7:48  Pylon  
  114  7:50  High Templar x2  
  118  7:55  Archon  
  118  7:56  High Templar  
  118  7:58  High Templar x2  
  124  8:00  Observer (Chrono Boost)  
  124  8:03  Archon  
  124  8:05  Gateway, Probe x4  
  129  8:07  Photon Cannon, Gateway  
  129  8:12  High Templar x2  
  133  8:14  Archon  
  133  8:17  Archon, Probe  
  133  8:18  Zealot  
  133  8:19  Probe x2  
  138  8:22  Warp Prism (Chrono Boost)  
  138  8:25  Assimilator  
  138  8:26  Assimilator  
  140  8:31  Phoenix x2  
  143  8:35  Stalker x3  
  141  8:42  Probe  
  141  8:43  Probe x3  
  141  8:44  Phoenix  
  136  8:55  Probe x2  
  138  8:56  Phoenix (Chrono Boost)  
  140  9:09  Phoenix (Chrono Boost)  
  138  9:16  Phoenix (Chrono Boost)  
  126  9:17  Zealot x8  
  142  9:25  Shield Battery, Photon Cannon, Phoenix  
  142  9:27  Phoenix  
  142  9:28  Photon Cannon  
  142  9:30  Shield Battery  
  146  9:33  Shield Battery  
  146  9:35  Phoenix  
  147  9:41  Probe  
  147  9:42  Probe  
  147  9:43  Probe  
  148  9:50  Phoenix  
  148  9:52  Phoenix  
  146  9:54  Probe  
  139  10:00  Protoss Ground Weapons Level 2 (Chrono Boost), Phoenix  
  139  10:04  Probe  
  139  10:05  Fleet Beacon, Probe  
  139  10:11  Probe x2  
  141  10:17  Probe x2  
  143  10:23  Probe x2  
  143  10:24  Void Ray x3  
  157  10:41  Zealot x4  
  163  10:45  Pylon  
  163  10:46  Pylon  
  163  10:48  Shield Battery  
  163  10:51  Shield Battery  
  155  10:57  High Templar  
  155  10:58  Shield Battery, High Templar  
  155  10:59  Shield Battery, High Templar x2  
  155  11:01  Void Ray  
  155  11:02  Archon  
  155  11:03  Archon  
  163  11:04  Pylon  
  161  11:12  Void Ray x2, Zealot x4  
  135  11:30  Zealot x2  
  135  11:31  Zealot  
  135  11:38  Void Ray (Chrono Boost)  
  110  11:41  Zealot x5  
  122  11:48  Void Ray (Chrono Boost), Probe x2  
  110  12:05  High Templar x3, Zealot x2  
  118  12:10  Archon  
  118  12:11  High Templar  
  119  12:16  Archon, Zealot x2  

Tags
 
Add a new tag
Caveats
  • Supply blocks, unpowered buildings, or Contaminate may cause inaccurate times.
  • Supply counts are checked every 10 seconds.